 Dungeon Crawl Stone Soup version 0.20.0-15-g7f486f2 (webtiles) character file.

3325 Lavandula the Cleaver (level 9, -4/73 HPs)
             Began as a Deep Dwarf Hunter on June 10, 2017.
             Was a Follower of Makhleb.
             Slain by an ogre
             ... wielding a +0 giant spiked club
              (28 damage)
             ... on level 9 of the Dungeon.
             The game lasted 00:19:41 (7078 turns).

Lavandula the Cleaver (Deep Dwarf Hunter)           Turns: 7078, Time: 00:19:41

Health: -4/73      AC:  6    Str: 18    XL:     9   Next: 71%
Magic:  4/4        EV: 12    Int: 11    God:    Makhleb [*.....]
Gold:   361        SH:  0    Dex: 15    Spells: 8/8 levels left

rFire    + . .     SeeInvis .   X - +7 whip of Bread {vamp, +Inv rF+}
rCold    + . .     Gourm    .   (no shield)
rNeg     . . .     Faith    .   w - +1 leather armour {rC+}
rPois    +         Spirit   .   (no helmet)
rElec    .         Reflect  .   N - +1 cloak {rPois}
rCorr    .         Harm     +   (no gloves)
MR       +....     Clarity  +   H - +1 pair of boots
Stlth    ++........             y - amulet of harm
Regen    0.0/turn               (no ring)
MPRegen  0.1/turn               (no ring)

@: non-regenerating
A: damage resistance, heal wounds, clarity, deformed body, low mp 1, sense
surroundings 2, no regeneration
a: Heal Wounds, Renounce Religion, Evoke Invisibility


You were on level 9 of the Dungeon.
You worshipped Makhleb.
Makhleb was aware of your devotion.
You were not hungry.

You visited 2 branches of the dungeon, and saw 10 of its levels.

You collected 361 gold pieces.

Inventory:

Hand Weapons
 a - a +1 hand crossbow
 n - a +2 dagger of venom
 q - a +0 hand axe
 O - a +5 mace
 X - the +7 whip of Bread (weapon) {vamp, +Inv rF+}
   (You found it on level 8 of the Dungeon)

   It inflicts no extra harm, but heals its wielder when it wounds a living foe.
   It protects you from fire.
   It lets you turn invisible.
Missiles
 x - 9 bolts
 M - a throwing net (quivered)
Armour
 h - a +2 shield
 o - a +0 buckler
 w - a +1 leather armour of cold resistance (worn)
 H - a +1 pair of boots (worn)
 N - a +1 cloak of poison resistance (worn)
 W - a +0 ring mail
Jewellery
 d - a cursed ring of teleportation {unknown}
 y - an amulet of harm (around neck)
 B - an uncursed ring of fire {unknown}
 I - a +2 ring of intelligence {unknown}
 K - an uncursed ring of stealth {unknown}
Wands
 C - a wand of lightning (4/15)
 D - a wand of acid (10/15)
 T - a wand of polymorph (0/24)
Scrolls
 b - 10 scrolls of remove curse {unknown}
 g - a scroll of magic mapping {unknown}
 k - 6 scrolls of identify {unknown}
 l - 6 scrolls of teleportation {unknown}
 p - 2 scrolls of noise {unknown}
 s - 2 scrolls of fear {unknown}
 u - a scroll of enchant armour {unknown}
 G - 3 scrolls of immolation {unknown}
 P - a scroll of amnesia {unknown}
 S - a scroll of recharging {unknown}
 V - a scroll of enchant weapon {unknown}
Potions
 e - 3 potions of brilliance {unknown}
 i - 3 potions of heal wounds
 j - 2 potions of cancellation {unknown}
 m - 3 potions of flight {unknown}
 r - 4 potions of curing {unknown}
 v - 2 potions of might {unknown}
 z - a potion of mutation {unknown}
 A - a potion of haste {unknown}
 F - a potion of magic {unknown}
 J - a potion of ambrosia {unknown}
 L - a potion of invisibility {unknown}
 Q - a potion of resistance {unknown}
Books
 R - a book of Callings

   Spells                             Type                      Level
   a - Summon Small Mammal            Summoning                    1
   b - Call Imp                       Summoning                    2
   c - Call Canine Familiar           Summoning                    3
   d - Summon Guardian Golem          Hexes/Summoning              3
   e - Summon Lightning Spire         Summoning/Air                4
   f - Summon Ice Beast               Ice/Summoning                4
Comestibles
 c - 4 meat rations
 f - 7 bread rations
 t - 8 fruits


   Skills:
 - Level 1.7 Fighting
 + Level 11.2 Axes
 - Level 10.7 Crossbows
 - Level 2.1 Dodging
 - Level 1.2 Stealth


You had 8 spell levels left.
You didn't know any spells.

Dungeon Overview and Level Annotations

Branches:
Dungeon (9/15)             Temple (1/1) D:7
   Lair: D:8-11         Orc: D:9-12

Altars:
Ashenzari
Cheibriados
Dithmenos
Elyvilon
Fedhas
Gozag
Hepliaklqana
Makhleb
Nemelex Xobeh
Qazlal
Ru
Sif Muna
Trog
Uskayaw
Vehumet
Xom
Yredelemnul
Zin
The Shining One

Shops:
D:4 (

Annotations:
D:2 Sigmund
D:3 Lavandula's ghost, amateur DDHu
D:6 Menkaure


Innate Abilities, Weirdness & Mutations

You are resistant to damage.
You can heal yourself by infusing magical energy.
You passively map the area around you.
You do not regenerate.
You possess an exceptional clarity of mind.
Armour fits poorly on your strangely shaped body.
Your magical capacity is low. (-10% MP)


Message History

You hit the gnoll.
You kill the gnoll!
Makhleb accepts your kill.
Things that are here:
a flail; a club; a gnoll corpse
Things that are here:
a flail; a club; a gnoll corpse
Found a dwarf skeleton.
An ogre comes into view. It is wielding a giant spiked club.
The ogre shouts!
Found a throwing net, 3 bread rations, 25 gold pieces and 2 meat rations.
You hit the ogre.
You feel better.
The ogre is moderately wounded.
You hit the ogre.
The ogre is heavily wounded.
The ogre hits you with a giant spiked club!!
You barely miss the ogre.
The ogre is heavily wounded.
The ogre hits you with a giant spiked club!!
You die...

, , .#.###.###..#####.....
* , ..............<.......
* ##.........÷....(.... ,*
#####..#..#...#.#### * ,
##.......#.#.# * *
###..###.##.)..# ,
#.#####...###.#####.#### ,
*###.#......####.##..<....#
* ......####.##@###.......#
, ,
......###...##.O%##..)...#*
....#.#...####.§.##......#
.........#####÷%%##......#
...###......#######......#
, * , #.#.##..# * ..#.....*
, , *, * #..#..# ##
..,...... , * ,,,#......# ,
, , , , , ......[...... ,,
**


You could see an ogre.

Vanquished Creatures
  Joseph (D:8)
  A hornet (D:8)
  Eustachio (D:6)
  2 phantoms
  2 orc warriors
  2 sky beasts
  A black bear (D:6)
  An ogre (D:4)
  2 necrophages
  A big kobold (D:5)
  2 bullfrogs
  A gnoll sergeant (D:5)
  2 scorpions
  5 killer bees (D:8)
  3 wights (D:7)
  A howler monkey (D:8)
  2 crimson imps
  A quasit (D:7)
  A bullfrog zombie (D:6)
  A hound (D:9)
  4 bullfrog skeletons
  2 orc priests
  5 orc wizards
  An iguana (D:4)
  6 worker ants
  A hound zombie (D:5)
  A hound skeleton (D:6)
  2 worker ant zombies (D:6)
  11 adders
  14 gnolls
  A shadow imp (D:7)
  An ooze (D:3)
  2 adder zombies
  2 adder skeletons
  3 worms (D:3)
  3 dart slugs
  5 leopard geckos
  25 orcs
  A ball python (D:4)
  8 bats
  5 giant cockroaches
  5 goblins
  9 hobgoblins
  7 jackals
  13 kobolds
  3 quokkas
  A ball python skeleton (D:5)
  6 frilled lizards
  A jackal skeleton (D:6)
  A leopard gecko zombie (D:6)
  A quokka skeleton (D:6)
  5 rats
188 creatures vanquished.

Notes
Turn   | Place    | Note
-------+----------+-------------------------------------------
     0 | D:1      | Lavandula the Deep Dwarf Hunter began the quest for the Orb.
     0 | D:1      | Reached XP level 1. HP: 19/19 MP: 1/1
   140 | D:1      | Reached XP level 2. HP: 26/26 MP: 2/2
   205 | D:1      | Reached skill level 5 in Crossbows
   685 | D:1      | Reached XP level 3. HP: 32/32 MP: 3/3
  1206 | D:2      | Noticed Sigmund
  1405 | D:2      | Reached XP level 4. HP: 28/39 MP: 4/4
  1411 | D:3      | Noticed Lavandula's ghost (amateur DDHu)
  1651 | D:3      | Found a bloodstained altar of Trog.
  1654 | D:3      | Found a sacrificial altar of Ru.
  1728 | D:3      | Found an opulent altar of Gozag.
  1966 | D:3      | Reached XP level 5. HP: 24/45 MP: 5/5
  2372 | D:4      | Found Enogeghiph's Antique Weapon Boutique.
  2449 | D:4      | Noticed a phantom
  2457 | D:4      | Killed a phantom
  2457 | D:4      | Reached XP level 6. HP: 28/52 MP: 6/6
  2569 | D:4      | Found a glowing golden altar of the Shining One.
  2926 | D:5      | Entered Level 5 of the Dungeon
  2935 | D:5      | Reached XP level 7. HP: 31/58 MP: 7/7
  3006 | D:5      | Found a hazy altar of Hepliaklqana.
  3250 | D:5      | Reached skill level 10 in Crossbows
  3858 | D:6      | Noticed Menkaure
  3909 | D:6      | Noticed a hand axe
  3910 | D:6      | Noticed a hand axe
  3910 | D:6      | Found a hide-covered altar of Uskayaw.
  3925 | D:6      | Noticed Eustachio
  4085 | D:6      | Reached skill level 1 in Axes
  4234 | D:6      | Reached skill level 2 in Axes
  4234 | D:6      | Reached XP level 8. HP: 45/66 MP: 8/8
  4263 | D:6      | Reached skill level 3 in Axes
  4427 | D:6      | Reached skill level 4 in Axes
  4518 | D:6      | Noticed an air elemental
  4532 | D:6      | Found a stormy altar of Qazlal.
  4651 | D:6      | Found a white marble altar of Elyvilon.
  4654 | D:6      | Found a glowing silver altar of Zin.
  4657 | D:6      | Found a basalt altar of Yredelemnul.
  4660 | D:6      | Found a shattered altar of Ashenzari.
  4722 | D:6      | Reached skill level 5 in Axes
  4903 | D:6      | Killed Eustachio
  4903 | D:6      | Reached skill level 6 in Axes
  5234 | D:7      | Reached skill level 7 in Axes
  5240 | D:7      | Gained mutation: Your magical capacity is low. (-10% MP) [mutagenic meat]
  5241 | D:7      | Gained mutation: You possess an exceptional clarity of mind. [mutagenic meat]
  5242 | D:7      | Gained mutation: Armour fits poorly on your strangely shaped body. [mutagenic meat]
  5243 | D:7      | Gained mutation: Your spells are a little easier to cast, but a little less powerful. [mutagenic meat]
  5244 | D:7      | Lost mutation: Your spells are a little easier to cast, but a little less powerful. [mutagenic meat]
  5489 | D:7      | Found a staircase to the Ecumenical Temple.
  5518 | Temple   | Entered the Ecumenical Temple
  5609 | Temple   | Became a worshipper of Makhleb the Destroyer
  5628 | D:7      | Reached skill level 8 in Axes
  5707 | D:7      | Gained mutation: You passively map the area around you. [Deep Dwarf growth]
  5707 | D:7      | Reached XP level 9. HP: 59/73 MP: 6/6
  6040 | D:8      | Reached skill level 9 in Axes
  6065 | D:8      | Noticed Joseph
  6143 | D:8      | You fall through a shaft!
  6476 | D:8      | Reached * piety under Makhleb
  6628 | D:8      | Killed Joseph
  6628 | D:8      | Reached skill level 10 in Axes
  6725 | D:8      | Noticed Psyche
  6730 | D:8      | Noticed Psyche
  6730 | D:8      | Psyche changed into Psyche the hornet
  6735 | D:8      | Killed Psyche the hornet
  6857 | D:8      | Got an encrusted whip
  6861 | D:8      | Identified the +7 whip of Bread {vamp, +Inv rF+} (You found it on level 8 of the Dungeon)
  6902 | D:8      | Reached skill level 11 in Axes
  6938 | D:8      | Noticed a cyclops
  7029 | D:8      | Found a sparkling altar of Nemelex Xobeh.
  7078 | D:9      | Slain by an ogre

Skill      XL: |  1  2  3  4  5  6  7  8  9 |
---------------+----------------------------+-----
Crossbows      | 5 6 7 8 9 10 | 10.7
Axes           | 2 8 11 | 11.2
Fighting       | |  1.7
Dodging        | |  2.1
Stealth        | |  1.2

Action                   |  1- 3 |  4- 6 |  7- 9 || total
-------------------------+-------+-------+-------++-------
Melee: Dagger            |     4 |    15 |    34 ||    53
       Hand axe          |       |       |    46 ||    46
       Mace              |       |       |   124 ||   124
       Whip              |       |       |    44 ||    44
 Fire: Hand crossbow     |    61 |   107 |   189 ||   357
Throw: Throwing net      |       |       |     2 ||     2
 Abil: Heal Wounds       |       |       |    18 ||    18
Evoke: Wand              |       |       |     4 ||     4
 Stab: Sleeping          |       |       |     2 ||     2
  Eat: Chunk             |     1 |     4 |    18 ||    23
       Royal jelly       |       |       |     2 ||     2
       Bread ration      |       |       |     1 ||     1
Armor: Leather armour    |     4 |     8 |    75 ||    87
Dodge: Dodged            |     5 |    14 |   156 ||   175
